Map: Artillería pesada EE

Players

MrFercho

  • Race: Zerg Zerg
  • League: Silver
  • Spawn Location: 7:00

tigro

  • Race: Terran Terran
  • League: Bronze
  • Spawn Location: 7:00

Madcat - Winner!

  • Race: Zerg Zerg
  • League: Silver
  • Spawn Location: 1:00

Torque - Winner!

  • Race: Terran Terran
  • League: Silver
  • Spawn Location: 3:00

VOD

Have the link to the VOD?

Description

Time

  • Played on: May 25, 2020, 9:55 p.m.
  • Length: 4:51
Show
View Real Time Build Order
Export as new Build Order

MrFercho Zerg 

Build Orders: Pool First 

Get SALT Encoding   

  12  0:01  Drone  
  13  0:19  Overlord  
  13  0:20  Drone  
  14  0:32  Extractor, Drone  
  14  0:36  Extractor, Drone  
  14  0:44  Drone  
  15  0:55  Spawning Pool, Drone  
  16  1:04  Drone  
  16  1:17  Overlord  
  16  1:25  Drone  
  17  1:41  Overlord  
  17  1:44  Metabolic Boost  
  17  1:46  Queen  
  19  1:54  Drone  
  19  1:58  Drone  
  21  2:07  Drone  
  22  2:29  Zergling x2  
  23  2:30  Hatchery  
  22  2:39  Lair  
  22  2:41  Drone  
  22  2:42  Drone  
  24  2:59  Drone x2  
  24  3:00  Drone  
  24  3:02  Drone  
  27  3:20  Zergling x4  
  17  3:46  Drone  
  17  3:47  Zergling x8  
  5  4:07  Zergling x4  
  3  4:12  Zergling x2  
  3  4:13  Zergling x2  
Show
View Real Time Build Order
Export as new Build Order

tigro Terran 

Build Orders:  

Get SALT Encoding   

  12  0:02  SCV  
  14  0:14  SCV  
  14  0:27  Supply Depot  
  14  0:31  SCV  
  15  0:39  Refinery  
  15  0:49  SCV  
  16  0:58  Barracks  
  16  1:01  SCV  
  17  1:11  Refinery  
  17  1:13  SCV  
  18  1:25  Supply Depot, SCV  
  19  1:37  SCV  
  20  1:47  Marine  
  20  1:49  SCV  
  22  2:01  SCV  
  22  2:05  Marine  
  24  2:12  Barracks  
  24  2:14  SCV  
  25  2:23  Marine  
  25  2:24  Engineering Bay  
  25  2:26  SCV  
  27  2:40  Marine  
  27  2:42  Orbital Command  
  28  2:58  Marine  
  28  3:02  Factory  
  28  3:03  Barracks Tech Lab  
  25  3:20  Marine  
  26  3:32  Marauder  
  27  3:38  Marine  
  27  3:53  Marauder  
  29  3:55  Marine  
Show
View Real Time Build Order
Export as new Build Order

Madcat Zerg - Winner!

Build Orders: Hatch First 

Get SALT Encoding   

  12  0:01  Drone  
  13  0:08  Drone  
  14  0:26  Extractor  
  14  0:27  Drone  
  15  0:41  Hatchery  
  14  0:58  Spawning Pool  
  14  1:03  Drone  
  14  1:05  Extractor  
  13  1:11  Drone  
  13  1:17  Overlord  
  14  1:35  Drone  
  14  1:36  Drone x2  
  17  1:49  Drone  
  17  1:53  Drone  
  19  1:58  Queen  
  21  2:01  Queen  
  21  2:07  Overlord  
  23  2:12  Metabolic Boost  
  23  2:17  Zergling x2  
  23  2:20  Zergling x2  
  23  2:22  Zergling x2  
  26  2:25  Zergling x2  
  27  2:30  Zergling x2  
  27  2:32  Zergling x2  
  29  2:38  Zergling x2  
  29  2:40  Zergling x2  
  31  2:50  Zergling x2  
  32  2:51  Zergling x2  
  32  2:57  Zergling x2  
  34  3:11  Zergling x2  
  34  3:12  Zergling x4  
  36  3:13  Overlord  
  36  3:35  Zergling x8  
  36  3:36  Zergling x4  
  41  3:48  Zergling x2  
  41  3:49  Zergling x2  
  43  4:02  Zergling x2  
  44  4:03  Overlord  
  44  4:22  Overlord  
Show
View Real Time Build Order
Export as new Build Order

Torque Terran - Winner!

Build Orders:  

Get SALT Encoding   

  12  0:03  SCV  
  13  0:16  Supply Depot  
  13  0:20  SCV  
  14  0:33  SCV  
  15  0:44  Barracks  
  15  0:46  SCV  
  16  0:59  Barracks  
  16  1:01  SCV  
  17  1:08  Barracks  
  17  1:14  Refinery  
  17  1:16  SCV  
  18  1:29  SCV  
  18  1:32  Marine  
  20  1:41  SCV  
  21  1:47  Marine  
  21  1:50  Marine  
  23  1:59  Supply Depot  
  23  2:03  Barracks  
  23  2:12  Orbital Command  
  23  2:20  Marine x2  
  25  2:26  Marine  
  26  2:40  Supply Depot  
  26  2:41  Refinery  
  26  2:50  Marine x2  
  26  2:51  Marine x2  
  29  2:52  SCV  
  31  3:08  Marine x3, SCV  
  31  3:09  Marine  
  35  3:24  Supply Depot, Engineering Bay  
  35  3:26  Marine  
  36  3:28  Marine  
  37  3:35  SCV  
  38  3:50  Marine x3, Factory  
  41  4:05  SCV, Missile Turret  
  42  4:12  Supply Depot  
  42  4:17  SCV  
  42  4:22  Barracks Tech Lab  
  43  4:24  Barracks Tech Lab  
  43  4:25  Missile Turret  
  43  4:26  Marine x2  
  43  4:33  SCV  
Tags
 
Add a new tag
Caveats
  • Supply blocks, unpowered buildings, or Contaminate may cause inaccurate times.
  • Supply counts are checked every 10 seconds.